ThisIsTheSuxx0r, neutral female scurrid Tourist ----------------------------------------------------------------------------- | | | | ^| | | | | | | | --- --- | | --- --- --| --- --- | --------- | | --- --- ----- ----- ----| | | | | | | | | | | | | | | | | |^ | | | | | |------.|.-----.|.|.--- | | |-----| | ----- | --- | ------- ----- | | --- | | | | ...............^ | | | |^| | | | | | | | | | | | --- ------------|.------- |-- | |---- | ----- --| | ------- | --| |-- | | | | | |..@. | | | | | | | | | | | | | | | | |------ | ------- |.|M--- | | --| | ------------- ----| | | | --- | | --| | | | | | | | | | | | | | | | | | |< | | | | | | | | --------- --- | | | --- |-- | | | | ----- ------- | | | | --- |---- | | | | | ^| | | | | | | | | | | | | | | | | | | | | | | |---- | ----- --- | |------ --| | | |---- | | | |---- | | | | --| | ----| | | | | | | | | | | | | | | | | | | | | | | | | | --- ------- ------- | ------- | | --- | --| | | | ----- |---| | | ----- | | | | | | | |^ | | | | |^| | | | |^ | | | | | | --------- | --- | | ------- | --- ------- | | | |---- | --- | --- | --- | | | > | | | | | | | | | | ----------------------------------------------------------------------------- ThisIsTheSuxx0r the Rambler Experience level: 1 Strength: 11 Dexterity: 16 Constitution: 13 Intelligence: 13 Wisdom: 8 Charisma: 14 Health: 0(9) Energy: 2(2) Def: 0 Gold: 547 Moves: 66 Dungeon seed: 56lvTkaQJvePKudL Game ID: ThisIsTheSuxx0r_1498232405 Your Inventory: Coins $ - 547 gold pieces Weapons a - 53 uncursed +2 darts (in quiver) Armor e - an uncursed +0 Hawaiian shirt (being worn) Comestibles b - 5 uncursed food rations c - an uncursed tin of goblin meat d - an uncursed apple f - an uncursed carrot g - 2 uncursed tins of kobold meat h - 2 uncursed tins of lichen Scrolls j - 3 uncursed scrolls of magic mapping Potions i - 2 uncursed potions of extra healing Wands n - an uncursed wand of secret door detection (0:15) Tools l - an uncursed expensive camera (0:78) m - an uncursed credit card o - an uncursed towel Spells and supernatural/magical abilities: Name Level Category Fail Memory W - pray for help -- divine ? -- Your skills at the end: Miscellaneous Skills wands [Basic] Weapon Skills dart [Basic] Spellcasting Skills Final Attributes: You were devoutly aligned. You had infravision. You were very stealthy. You are dead. Vanquished creatures: a giant rat a cave spider 2 creatures vanquished. Voluntary challenges: You went without food. You did not adorn yourself with jewelry or accessories. You did not cause conflict. You were not invisible. You did not have reflection. You were not displaced. You were an atheist. You never hit with a wielded weapon. You were a pacifist. You did not use tools. You did not use plumbed fixtures. You did not drink any magical draughts. You read items or engraved 1 time, starting on turn 53. You never genocided any monsters. You never polymorphed an object. You never changed form. You used no wishes. You never split a pudding. You never wrote Elbereth's name. You never violated your personal moral code. Dungeon overview: The Dungeons of Doom: levels 1 to 23 Level 1 a long staircase Level 2 Level 3 Level 4 Level 5 Level 6 a potion shop Level 7 Level 8 Level 9 Level 10 a fountain Level 11 Level 12 Level 13 Level 14 Level 15 a fountain Level 16 Level 17 Level 18 Level 19 Level 20 Level 21 Level 22 Level 23 <- You were here History has recorded: On T:1 you entered the Dungeons of Doom to retrieve the Amulet of Yendor! On T:4 you reached level 2 of The Dungeons of Doom. On T:6 you reached level 3 of The Dungeons of Doom. On T:8 you reached level 4 of The Dungeons of Doom. On T:10 you reached level 5 of The Dungeons of Doom. On T:13 you reached level 6 of The Dungeons of Doom. On T:15 you reached level 7 of The Dungeons of Doom. On T:17 you reached level 8 of The Dungeons of Doom. On T:19 you reached level 9 of The Dungeons of Doom. On T:22 you reached level 10 of The Dungeons of Doom. On T:24 you reached level 11 of The Dungeons of Doom. On T:26 you reached level 12 of The Dungeons of Doom. On T:28 you reached level 13 of The Dungeons of Doom. On T:31 you reached level 14 of The Dungeons of Doom. On T:33 you reached level 15 of The Dungeons of Doom. On T:35 you reached level 16 of The Dungeons of Doom. On T:35 you entered the Rogue tribute level. On T:37 you reached level 17 of The Dungeons of Doom. On T:40 you reached level 18 of The Dungeons of Doom. On T:42 you reached level 19 of The Dungeons of Doom. On T:44 you reached level 20 of The Dungeons of Doom. On T:46 you reached level 21 of The Dungeons of Doom. On T:49 you reached level 22 of The Dungeons of Doom. On T:52 you reached level 23 of The Dungeons of Doom. Score breakdown: Gold: 0 ( 0 points) Experience: 1 level ( 0 points) Exploration: 23 levels ( 660 points) Discoveries: 0 items ( 0 points) Variety of kills: 2 monsters ( 100 points) Major goal: (nothing yet) ( 0 points) Survival: died (score multiplied by 3) Total score: 2280 Latest messages: You continue digging downward. You dig a pit in the floor. You continue digging downward. You dig a hole through the floor. You fall through... As you read the scroll, it disappears. A map coalesces in your mind! You start chewing a hole in the rock. You continue chewing on the rock. You continue digging. You make an opening in the wall. You start chewing a hole in the rock. You continue digging. You make an opening in the wall. You start chewing a hole in the rock. You continue digging. You make an opening in the wall. The elf mummy scratches you! You stop running. The elf mummy scratches you! You die... Final status: Aloha ThisIsTheSuxx0r the Tourist, killed by an elf mummy... You died in The Dungeons of Doom on dungeon level 23 with 2280 points, and 547 pieces of gold, after 66 moves. You were level 1 with a maximum of 9 hit points when you died.